[Event "GER-ch Youth U10 2020"]
[Site "Willingen"]
[Date "2020.10.27"]
[Round "1.1"]
[White "Theviot, Luca"]
[Black "Besou, Hussain"]
[Result "0-1"]
[ECO "A45"]
[WhiteElo "1423"]
[BlackElo "1825"]
[Annotator "NA RC"]
[PlyCount "116"]
[EventDate "2020.10.27"]
[EventType "swiss"]
[EventRounds "7"]
[EventCountry "GER"]
[SourceTitle "playchess.com"]
[Source "ChessBase"]
[SourceQuality "1"]
[TimeControl "40/4500+30:900+30"]

1. d4 Nf6 2. Bg5 e6 3. e4 h6 4. Bxf6 Qxf6 5. c3 d6 6. Nd2 {[%emt 0:00:32] A45: Trompowsky Attack.} Be7 7. Bd3 O-O 8. Ne2 {[%emt 0:00:23] [#]} c5 $146 ({Predecessor:} 8... e5 9. O-O Bg4 10. f3 Bh5 11. Ng3 Bg6 12. d5 Nd7 13. b4 a5 14. a3 Qf4 15. Qe2 Bg5 16. Nc4 axb4 17. axb4 h5 18. Nf5 Bd8 19. Rxa8 {1-0 (19) Harika,D (2513)-Kosteniuk,A (2534) Rome 2015}) 9. O-O Nc6 10. Nf3 a6 11. a4 Rb8 12. Bc2 b5 13. Qd3 g6 14. axb5 axb5 15. Qd2 Qg7 16. Ra2 b4 17. Bd3 Bb7 18. Rd1 Rfc8 19. h3 bxc3 20. bxc3 cxd4 21. cxd4 d5 22. exd5 Nb4 23. Rb2 Bxd5 24. Ne5 Nxd3 25. Rxb8 Rxb8 26. Qxd3 Rb3 27. Qc2 Rb8 28. Rb1 Rxb1+ 29. Qxb1 Bd6 30. Qb2 f6 31. Nd3 Qc7 32. Qc3 Kf7 33. Qxc7+ Bxc7 34. f3 Bc4 35. Ndc1 Bb6 36. Kh2 Ke7 37. Kg3 f5 38. f4 Kd6 39. Kf2 Kd5 40. Ke3 Ba5 41. Nd3 Bxd3 42. Kxd3 g5 43. g3 Be1 44. g4 Bb4 45. fxg5 hxg5 46. Ng3 f4 47. Nf1 $11 Ba5 48. Nh2 Bd8 49. Nf3 Bf6 50. h4 gxh4 51. g5 Bg7 52. Nxh4 Bxd4 53. Ng2 e5 54. g6 e4+ 55. Kd2 f3 56. Nf4+ Kc4 57. Ne6 e3+ 58. Ke1 Bc3+ 0-1

[Event "GER-ch Youth U10 2020"]
[Site "Willingen"]
[Date "2020.10.27"]
[Round "1.2"]
[White "Malinowsky, Levi"]
[Black "Mandalka, Justus"]
[Result "0-1"]
[ECO "B20"]
[WhiteElo "1606"]
[BlackElo "1437"]
[Annotator "NA RC"]
[PlyCount "82"]
[EventDate "2020.10.27"]
[EventType "swiss"]
[EventRounds "7"]
[EventCountry "GER"]
[SourceTitle "playchess.com"]
[Source "ChessBase"]
[SourceQuality "1"]
[TimeControl "40/4500+30:900+30"]

1. e4 c5 2. d3 Nc6 3. f4 g6 4. Be2 Bg7 5. Nf3 d6 6. O-O Bd7 7. c3 Qb6 8. Kh1 Nf6 9. Nbd2 O-O 10. Nc4 Qc7 11. a4 Rad8 12. Be3 Be6 13. Ncd2 Ng4 14. Bg1 Qb6 15. Ng5 Nh6 16. Nxe6 fxe6 17. Nc4 Qc7 18. Qb3 b6 19. Ne3 Qd7 20. f5 Kh8 21. fxe6 Qc8 22. Qd5 Rde8 23. g4 g5 24. Nf5 Rf6 25. Nxg7 Kxg7 26. Be3 Rxe6 27. h4 Ne5 28. Bxg5 Nexg4 29. Rg1 Nf2+ 30. Kh2 Kh8 31. Rg3 Re5 32. Qc4 Nfg4+ 33. Bxg4 Nxg4+ 34. Rxg4 Qxg4 35. Rg1 Qe6 36. Bf4 Rf8 37. Qxe6 Rxe6 38. Bg3 c4 39. dxc4 Rxe4 40. b3 Rf3 41. Be1 Re2+ 0-1

[Event "GER-ch Youth U10 2020"]
[Site "Willingen"]
[Date "2020.10.27"]
[Round "1.3"]
[White "Huang, Luca Hanson"]
[Black "Goldmann, David"]
[Result "0-1"]
[ECO "D00"]
[WhiteElo "1570"]
[BlackElo "1644"]
[Annotator "NA RC"]
[PlyCount "72"]
[EventDate "2020.10.27"]
[EventType "swiss"]
[EventRounds "7"]
[EventCountry "GER"]
[SourceTitle "playchess.com"]
[Source "ChessBase"]
[SourceQuality "1"]
[TimeControl "40/4500+30:900+30"]

1. d4 d5 2. Bf4 Nf6 3. e3 c5 4. c3 Nc6 5. Bd3 Qb6 6. Qb3 c4 7. Qxb6 axb6 8. Bc2 b5 9. Nd2 e6 10. Ngf3 b4 11. O-O bxc3 12. bxc3 b5 13. Ne5 Bd7 14. Rfb1 Nxe5 15. Bxe5 Be7 16. a4 bxa4 17. Rb7 a3 18. Bb1 Bc8 19. Rb5 O-O 20. Ba2 Ng4 21. Bg3 h5 22. h3 Nh6 23. Nf3 Nf5 24. Bh2 f6 25. Rab1 Bd7 26. Rb7 Bc6 27. Rc7 Ba4 28. g4 Bd6 29. Rcb7 Bxh2+ 30. Kxh2 Nd6 31. R7b6 Ne4 32. Rc1 hxg4 33. hxg4 Nxf2 34. Kg3 Ne4+ 35. Kg2 Rfb8 36. Rxe6 Rb2+ 0-1

[Event "GER-ch Youth U10 2020"]
[Site "Willingen"]
[Date "2020.10.27"]
[Round "1.4"]
[White "Neuhoff, Laertes"]
[Black "Conrad, Marius"]
[Result "1-0"]
[ECO "C54"]
[WhiteElo "1655"]
[BlackElo "1645"]
[Annotator "NA RC"]
[PlyCount "83"]
[EventDate "2020.10.27"]
[EventType "swiss"]
[EventRounds "7"]
[EventCountry "GER"]
[SourceTitle "playchess.com"]
[Source "ChessBase"]
[SourceQuality "1"]
[TimeControl "40/4500+30:900+30"]

1. e4 e5 2. Nf3 Nc6 3. d4 exd4 4. Bc4 Bc5 5. c3 Nf6 6. e5 d5 7. Bb5 Ne4 8. cxd4 Bb4+ 9. Bd2 Bxd2+ 10. Nbxd2 O-O 11. Bxc6 bxc6 12. O-O Bg4 13. Qc2 Nxd2 14. Nxd2 Qg5 15. f4 Qh6 16. Rac1 Be2 17. Rf2 Bb5 18. a4 Bc4 19. Nxc4 dxc4 20. Qxc4 Rad8 21. Qxc6 Rxd4 22. Qxh6 gxh6 23. Rxc7 Rxa4 24. g3 Rb8 25. Rfc2 Rb6 26. R7c6 Rb7 27. Rxh6 Ra2 28. e6 fxe6 29. Rxe6 Rbxb2 30. Rxb2 Rxb2 31. Ra6 Rb1+ 32. Kg2 Rb7 33. Kf3 Kf8 34. f5 Ke7 35. Kf4 Kf7 36. Kg5 h6+ 37. Rxh6 Rb2 38. Rh7+ Kg8 39. Rxa7 Rxh2 40. Kg6 Kf8 41. f6 Ke8 42. f7+ 1-0

[Event "GER-ch Youth U10 2020"]
[Site "Willingen"]
[Date "2020.10.27"]
[Round "1.5"]
[White "Rosenkranz, Lennard"]
[Black "Dordevic, Tom"]
[Result "0-1"]
[ECO "B43"]
[WhiteElo "1467"]
[BlackElo "1535"]
[Annotator "NA RC"]
[PlyCount "33"]
[EventDate "2020.10.27"]
[EventType "swiss"]
[EventRounds "7"]
[EventCountry "GER"]
[SourceTitle "playchess.com"]
[Source "ChessBase"]
[SourceQuality "1"]
[TimeControl "40/4500+30:900+30"]

1. e4 c5 2. Nf3 e6 3. d4 cxd4 4. Nxd4 a6 5. Nc3 Qc7 6. Bd3 Nf6 7. O-O Be7 8. Kh1 b5 9. f4 Bb7 10. a3 d6 11. Qe2 Nbd7 12. b4 Qxc3 13. Be3 Qc7 14. Rac1 Nxe4 15. Bxe4 Bxe4 16. Qg4 Nf6 17. Qd1 0-1

[Event "GER-ch Youth U10 2020"]
[Site "Willingen"]
[Date "2020.10.27"]
[Round "1.6"]
[White "Herrmann, Jakob"]
[Black "Marcziter, Alex"]
[Result "1-0"]
[ECO "C45"]
[WhiteElo "1504"]
[BlackElo "1401"]
[Annotator "NA RC"]
[PlyCount "43"]
[EventDate "2020.10.27"]
[EventType "swiss"]
[EventRounds "7"]
[EventCountry "GER"]
[SourceTitle "playchess.com"]
[Source "ChessBase"]
[SourceQuality "1"]
[TimeControl "40/4500+30:900+30"]

1. e4 e5 2. Nf3 Nc6 3. d4 exd4 4. Nxd4 Bc5 5. Be3 Qf6 6. c3 Nge7 7. Bc4 Ne5 8. Be2 Qg6 9. O-O d6 10. Kh1 Qxe4 11. Nd2 Qg6 12. Nb5 Rb8 13. Bxc5 dxc5 14. Nxc7+ Kd8 15. Nb5 Bd7 16. Nf3 N5c6 17. Qd2 Ke8 18. Rad1 Rd8 19. Nd6+ Kf8 20. Nxb7 Rb8 21. Qxd7 Qf6 22. Nxc5 1-0

[Event "GER-ch Youth U10 2020"]
[Site "Willingen"]
[Date "2020.10.27"]
[Round "1.7"]
[White "Goldkuhle, Collin"]
[Black "Middendorf, Sven-Jonas"]
[Result "1-0"]
[ECO "C84"]
[WhiteElo "1418"]
[BlackElo "1355"]
[Annotator "NA RC"]
[PlyCount "115"]
[EventDate "2020.10.27"]
[EventType "swiss"]
[EventRounds "7"]
[EventCountry "GER"]
[SourceTitle "playchess.com"]
[Source "ChessBase"]
[SourceQuality "1"]
[TimeControl "40/4500+30:900+30"]

1. e4 e5 2. Nf3 Nc6 3. Bb5 a6 4. Ba4 Nf6 5. O-O Be7 6. d3 b5 7. Bb3 O-O 8. Bg5 Re8 9. Re1 Bb7 10. Nbd2 d6 11. Nf1 Na5 12. Ne3 c5 13. Bxf6 Bxf6 14. Bd5 Nc6 15. a4 Qd7 16. Qd2 Ne7 17. Bxb7 Qxb7 18. b3 d5 19. exd5 Nxd5 20. Ng4 Nf4 21. Nxf6+ gxf6 22. Qe3 Qc6 23. Qe4 Qe6 24. axb5 Kh8 25. Kh1 Rg8 26. Rg1 Qg4 27. bxa6 Qd7 28. Nd2 Qa7 29. Qb7 Qxb7 30. axb7 Rgb8 31. Ne4 Rxb7 32. Nxc5 Rc7 33. b4 Nd5 34. Rgb1 Kg8 35. c4 Nxb4 36. Rxb4 Rxc5 37. g3 Kf8 38. Kg2 Ke8 39. Kf3 Kd7 40. Ke4 Rc6 41. h4 Ke6 42. d4 exd4 43. Kxd4 Kd6 44. Rb5 Ke6 45. c5 Kd7 46. Rb6 Kc7 47. Rxc6+ Kxc6 48. h5 h6 49. g4 Kc7 50. Kd5 Kd7 51. c6+ Kc8 52. Kd6 Kd8 53. c7+ Kc8 54. f3 f5 55. gxf5 f6 56. f4 Kb7 57. Kd7 Kb6 58. c8=Q 1-0

[Event "GER-ch Youth U10 2020"]
[Site "Willingen"]
[Date "2020.10.27"]
[Round "1.8"]
[White "Schuricht, Emil Frederick"]
[Black "Rodriguez Klasen, Ennio"]
[Result "1/2-1/2"]
[ECO "E91"]
[WhiteElo "1451"]
[BlackElo "1297"]
[Annotator "NA RC"]
[PlyCount "70"]
[EventDate "2020.10.27"]
[EventType "swiss"]
[EventRounds "7"]
[EventCountry "GER"]
[SourceTitle "playchess.com"]
[Source "ChessBase"]
[SourceQuality "1"]
[TimeControl "40/4500+30:900+30"]

1. d4 Nf6 2. c4 g6 3. Nc3 Bg7 4. e4 d6 5. Nf3 O-O 6. Be2 b6 7. O-O Bb7 8. Qc2 Nbd7 9. h3 e5 10. d5 c6 11. dxc6 Bxc6 12. Rd1 Nc5 13. Bd3 Qc7 14. Nd5 Bxd5 15. cxd5 Rac8 16. Nd2 Nxd3 17. Qxd3 Qc2 18. Qxc2 Rxc2 19. b3 b5 20. Ba3 Bh6 21. Bxd6 Rxd2 22. Bxf8 Kxf8 23. Rxd2 Bxd2 24. f3 Ke7 25. Kf2 Bb4 26. Rc1 Nd7 27. Rc6 a5 28. g4 Bc5+ 29. Ke2 Bb6 30. Rc8 Bd8 31. Kd3 b4 32. Ra8 Bc7 33. Ra7 Bb6 34. Ra8 Bc7 35. Ra7 Bb6 1/2-1/2

[Event "GER-ch Youth U10 2020"]
[Site "Willingen"]
[Date "2020.10.27"]
[Round "1.9"]
[White "Yin, Vito"]
[Black "Lu, Yunong Elias"]
[Result "0-1"]
[ECO "B10"]
[WhiteElo "1320"]
[BlackElo "1521"]
[Annotator "NA RC"]
[PlyCount "128"]
[EventDate "2020.10.27"]
[EventType "swiss"]
[EventRounds "7"]
[EventCountry "GER"]
[SourceTitle "playchess.com"]
[Source "ChessBase"]
[SourceQuality "1"]
[TimeControl "40/4500+30:900+30"]

1. e4 c6 2. c4 d5 3. cxd5 cxd5 4. exd5 Nf6 5. Bb5+ Bd7 6. Qa4 Nxd5 7. Bxd7+ Nxd7 8. Nf3 e6 9. Ne5 N5b6 10. Qf4 Nxe5 11. Qxe5 Qd5 12. Qxd5 Nxd5 13. Nc3 O-O-O 14. O-O Bc5 15. Rd1 Nb4 16. a3 Nd3 17. Rf1 Kb8 18. b4 Bb6 19. Ra2 Rc8 20. Ne2 Rhd8 21. g3 e5 22. Bb2 Ka8 23. Bc3 f6 24. Kg2 Rc7 25. a4 Rc4 26. a5 Bc7 27. b5 Bd6 28. f3 Rdc8 29. Nc1 Nxc1 30. Rxc1 Bb4 31. Ra4 Kb8 32. b6 axb6 33. axb6 Bxc3 34. Rxc4 Rxc4 35. Rxc3 Rc6 36. Rb3 Kc8 37. f4 exf4 38. gxf4 Kd7 39. Kf3 Rd6 40. d3 Kc6 41. Ke4 Kc5 42. Ke3 Rxb6 43. Rxb6 Kxb6 44. Kd4 Kc6 45. Kc4 g5 46. f5 h5 47. d4 h4 48. d5+ Kd6 49. Kd4 b5 50. Ke4 b4 51. Kd4 g4 52. Ke4 b3 53. Kf4 b2 54. Kxg4 b1=Q 55. Kxh4 Qxf5 56. Kg3 Qxd5 57. h4 Qh5 58. Kh3 Ke5 59. Kg3 f5 60. Kh3 Kf4 61. Kg2 Qxh4 62. Kg1 Kg3 63. Kf1 Qe4 64. Kg1 Qe1# 0-1

[Event "GER-ch Youth U10 2020"]
[Site "Willingen"]
[Date "2020.10.27"]
[Round "1.10"]
[White "Meng, Yuxuan"]
[Black "Barthel, Jacob"]
[Result "1-0"]
[ECO "C68"]
[WhiteElo "1515"]
[BlackElo "1231"]
[Annotator "NA RC"]
[PlyCount "92"]
[EventDate "2020.10.27"]
[EventType "swiss"]
[EventRounds "7"]
[EventCountry "GER"]
[SourceTitle "playchess.com"]
[Source "ChessBase"]
[SourceQuality "1"]
[TimeControl "40/4500+30:900+30"]

1. e4 e5 2. Nf3 Nc6 3. Bb5 a6 4. Bxc6 dxc6 5. O-O Bd6 6. d4 Bg4 7. dxe5 Bxf3 8. Qxf3 Bxe5 9. Nc3 Nf6 10. Bg5 h6 11. Bh4 Qd6 12. Bxf6 Qxf6 13. Qxf6 Bxf6 14. e5 Be7 15. Rad1 Rd8 16. g3 O-O 17. Kg2 Kh7 18. f4 f6 19. exf6 Bxf6 20. Rxd8 Rxd8 21. Rd1 Re8 22. Rd3 Kg6 23. Kf3 Re7 24. b3 Bxc3 25. Rxc3 Re1 26. Re3 Rc1 27. Re2 Kf6 28. g4 Rf1+ 29. Rf2 Ra1 30. c4 Rd1 31. f5 Kg5 32. h3 Rd3+ 33. Kg2 Kh4 34. Rf3 Rd2+ 35. Rf2 Rxf2+ 36. Kxf2 Kxh3 37. Kf3 Kh4 38. Kf4 b5 39. a3 c5 40. a4 c6 41. a5 b4 42. Kf3 Kg5 43. Kg3 g6 44. fxg6 Kxg6 45. Kh4 Kf6 46. Kh5 Kg7 1-0

[Event "GER-ch Youth U10 2020"]
[Site "Willingen"]
[Date "2020.10.27"]
[Round "1.11"]
[White "Gulamzada, Elmir"]
[Black "Buchinger, Alexis"]
[Result "0-1"]
[ECO "C54"]
[WhiteElo "1397"]
[BlackElo "1496"]
[Annotator "NA RC"]
[PlyCount "174"]
[EventDate "2020.10.27"]
[EventType "swiss"]
[EventRounds "7"]
[EventCountry "GER"]
[SourceTitle "playchess.com"]
[Source "ChessBase"]
[SourceQuality "1"]
[TimeControl "40/4500+30:900+30"]

1. e4 e5 2. Nf3 Nc6 3. Bc4 Bc5 4. c3 Nf6 5. d4 exd4 6. cxd4 Bb4+ 7. Bd2 Bxd2+ 8. Nbxd2 d5 9. exd5 Nxd5 10. O-O O-O 11. Ne5 Nxe5 12. dxe5 Be6 13. Qb3 Rb8 14. Rad1 b5 15. Bxd5 Bxd5 16. Qd3 Bxa2 17. Qa3 Bd5 18. Nf3 c6 19. Qxa7 Qc8 20. Qe3 Re8 21. Rfe1 Qg4 22. Rd4 Qh5 23. Rh4 Qg6 24. Qg5 Bxf3 25. Qxg6 hxg6 26. gxf3 Ra8 27. Rc1 Re6 28. Re4 Kf8 29. f4 Ke7 30. Kg2 Kd7 31. Rd4+ Kc7 32. Rcd1 Re7 33. R1d3 Kb6 34. Rh3 g5 35. Kf3 Kc5 36. Rd2 Rae8 37. Rc2+ Kb6 38. Rh7 gxf4 39. Rxg7 Rxe5 40. Rxf7 Rc5 41. Rb7+ Kxb7 42. Rxc5 Rh8 43. Kxf4 Rxh2 44. Kg3 Rh1 45. f4 Kb6 46. Rc3 b4 47. Rf3 Rg1+ 48. Kh2 Rg8 49. f5 Kc5 50. f6 Kd6 51. f7 Rf8 52. Kg3 c5 53. Kg4 Ke7 54. Re3+ Kf6 55. Rf3+ Kg7 56. Rf5 Rxf7 57. Rxc5 Rf2 58. Rg5+ Kf6 59. Rh5 Ke6 60. Rh6+ Kd5 61. Rh5+ Kc4 62. Rh4 Rxb2 63. Kf3+ Kc3 64. Rh3 b3 65. Ke4+ Kc4 66. Rh8 Re2+ 67. Kf3 Rc2 68. Rc8+ Kb4 69. Rb8+ Kc3 70. Rc8+ Kd2 71. Rb8 b2 72. Rd8+ Kc1 73. Rb8 b1=Q 74. Rxb1+ Kxb1 75. Ke3 Rc8 76. Kd4 Re8 77. Kd5 Kc2 78. Kc6 Rd8 79. Kc7 Rd2 80. Kc6 Kc3 81. Kb7 Kc4 82. Ka8 Rb2 83. Ka7 Kc5 84. Ka6 Rb3 85. Ka7 Kc6 86. Ka8 Kc7 87. Ka7 Ra3# 0-1

[Event "GER-ch Youth U10 2020"]
[Site "Willingen"]
[Date "2020.10.27"]
[Round "1.12"]
[White "Geist, Tim"]
[Black "Laux, Filip"]
[Result "1-0"]
[ECO "D05"]
[WhiteElo "1578"]
[BlackElo "1198"]
[Annotator "NA RC"]
[PlyCount "61"]
[EventDate "2020.10.27"]
[EventType "swiss"]
[EventRounds "7"]
[EventCountry "GER"]
[SourceTitle "playchess.com"]
[Source "ChessBase"]
[SourceQuality "1"]
[TimeControl "40/4500+30:900+30"]

1. d4 d5 2. Nf3 Nf6 3. e3 e6 4. Bd3 c5 5. b3 Nc6 6. a3 Qc7 7. Bb2 cxd4 8. exd4 Bd6 9. Qe2 O-O 10. O-O Re8 11. Ne5 Nd7 12. f4 Ne7 13. Rf3 Nf6 14. Nd2 Bd7 15. c4 b6 16. Rc1 Qb7 17. c5 Bc7 18. Nxd7 Nxd7 19. Bb5 Nf6 20. Bxe8 Nxe8 21. b4 a5 22. b5 bxc5 23. dxc5 Rb8 24. a4 Nf5 25. b6 Bxb6 26. Rb3 Qa7 27. cxb6 Rxb6 28. Qf2 Rb7 29. Qxa7 Rxa7 30. Rc8 Kf8 31. Ba3+ 1-0

[Event "GER-ch Youth U10 2020"]
[Site "Willingen"]
[Date "2020.10.27"]
[Round "1.13"]
[White "Zimmer, Tim"]
[Black "Xue, Luka"]
[Result "0-1"]
[ECO "C01"]
[WhiteElo "1025"]
[BlackElo "1473"]
[Annotator "NA RC"]
[PlyCount "94"]
[EventDate "2020.10.27"]
[EventType "swiss"]
[EventRounds "7"]
[EventCountry "GER"]
[SourceTitle "playchess.com"]
[Source "ChessBase"]
[SourceQuality "1"]
[TimeControl "40/4500+30:900+30"]

1. e4 e6 2. d4 d5 3. exd5 exd5 4. Nc3 Nf6 5. Bd3 c5 6. Bb5+ Bd7 7. Qe2+ Be7 8. Bxd7+ Nbxd7 9. Be3 O-O 10. Nf3 Re8 11. O-O Qb6 12. Qb5 Rac8 13. Qxb6 Nxb6 14. Nd2 a6 15. Rfe1 Bd6 16. dxc5 Bxc5 17. Bxc5 Rxc5 18. Rxe8+ Nxe8 19. Nb3 Rc7 20. Re1 Nf6 21. Nd4 g6 22. Re5 Nc4 23. Nxd5 Nxd5 24. Rxd5 Nxb2 25. f3 Re7 26. Nb3 Re2 27. Rc5 Nd1 28. Kf1 Rxc2 29. Rxc2 Ne3+ 30. Ke2 Nxc2 31. Nc5 Nb4 32. a3 Nc2 33. a4 b5 34. Kd2 Nb4 35. Kc3 Nd5+ 36. Kd4 Nb6 37. a5 Nc4 38. Nxa6 Nxa5 39. Kc5 Nb3+ 40. Kxb5 Kg7 41. Kc4 Nd2+ 42. Kd3 Nf1 43. Ke2 Nxh2 44. g3 g5 45. g4 f5 46. Kf2 fxg4 47. Kg2 Nxf3 0-1

[Event "GER-ch Youth U10 2020"]
[Site "Willingen"]
[Date "2020.10.27"]
[Round "1.14"]
[White "Burkart, Lloyd Shang"]
[Black "Bock, Leonas"]
[Result "1-0"]
[ECO "D30"]
[WhiteElo "1508"]
[BlackElo "1301"]
[Annotator "NA RC"]
[PlyCount "87"]
[EventDate "2020.10.27"]
[EventType "swiss"]
[EventRounds "7"]
[EventCountry "GER"]
[SourceTitle "playchess.com"]
[Source "ChessBase"]
[SourceQuality "1"]
[TimeControl "40/4500+30:900+30"]

1. d4 d5 2. c4 e6 3. Nf3 f5 4. cxd5 exd5 5. Nc3 Nf6 6. Bf4 Bd6 7. e3 O-O 8. Be2 c6 9. O-O Qc7 10. Bg3 Nbd7 11. Rc1 Ne4 12. Nxd5 Qd8 13. Bxd6 Nxd6 14. Nf4 Nf6 15. Qb3+ Kh8 16. Rfd1 Nde4 17. Bc4 g5 18. Nd3 Re8 19. Nfe5 Nd6 20. Nc5 Re7 21. Be2 Nd5 22. Bf3 Nf7 23. Nxf7+ Rxf7 24. Bxd5 Qxd5 25. Qxd5 cxd5 26. Nd3 Be6 27. Rc5 h5 28. Rdc1 f4 29. exf4 gxf4 30. Re1 Rf6 31. Re5 f3 32. Rxh5+ Kg7 33. Ne5 Re8 34. Rc7+ Bf7 35. gxf3 Kf8 36. Nd7+ Kg7 37. Nxf6 Kxf6 38. Rh4 Re1+ 39. Kg2 Be6 40. f4 Re4 41. Rxb7 Rxd4 42. Rxa7 Rd2 43. Ra6 Rxb2 44. Rh6+ 1-0

[Event "GER-ch Youth U10 2020"]
[Site "Willingen"]
[Date "2020.10.27"]
[Round "1.15"]
[White "Krstovic, Marko"]
[Black "Kamleiter, Noah"]
[Result "1-0"]
[ECO "E32"]
[WhiteElo "1443"]
[BlackElo "1573"]
[Annotator "NA RC"]
[PlyCount "147"]
[EventDate "2020.10.27"]
[EventType "swiss"]
[EventRounds "7"]
[EventCountry "GER"]
[SourceTitle "playchess.com"]
[Source "ChessBase"]
[SourceQuality "1"]
[TimeControl "40/4500+30:900+30"]

1. d4 Nf6 2. c4 e6 3. Nc3 Bb4 4. Qc2 b6 5. Nf3 Bb7 6. a3 Bxc3+ 7. Qxc3 d6 8. Bg5 Nbd7 9. e3 h6 10. Bh4 O-O 11. Be2 Re8 12. O-O Qc8 13. Nd2 c5 14. dxc5 Qxc5 15. f3 d5 16. b3 e5 17. Bf2 Qd6 18. Rfe1 Rac8 19. b4 b5 20. c5 Qc7 21. Qb3 a5 22. Bg3 Bc6 23. Kh1 a4 24. Qb2 Qd8 25. Rad1 Nh5 26. Nf1 Qg5 27. Qd2 e4 28. f4 Nxg3+ 29. Nxg3 Qg6 30. Bh5 Qf6 31. Qd4 Qe6 32. h3 Qf6 33. Bg4 Rcd8 34. Be2 Qg6 35. Kh2 Kh8 36. Bh5 Qe6 37. Bg4 Qe7 38. Nf5 Qf6 39. Qxf6 Nxf6 40. Be2 Kh7 41. Nd4 Bb7 42. Bxb5 Re7 43. Nc6 Bxc6 44. Bxc6 Ra7 45. b5 Ra5 46. Rc1 Rc8 47. Rb1 Kg8 48. Rec1 Kf8 49. b6 Rxc6 50. b7 Nd7 51. b8=Q+ Nxb8 52. Rxb8+ Ke7 53. Rb7+ Ke6 54. Rb4 Kd7 55. Rb7+ Rc7 56. c6+ Kd6 57. Rb4 Rxc6 58. Rxc6+ Kxc6 59. Kg3 Kd6 60. Kg4 Ra6 61. Kh5 Ke6 62. g4 Kf6 63. Rd4 Ra5 64. h4 Ra8 65. g5+ Ke6 66. gxh6 gxh6 67. Kxh6 f5 68. Kg7 Ra7+ 69. Kg6 Ra8 70. h5 Rg8+ 71. Kh7 Kf7 72. h6 Rg6 73. Rxd5 Rg8 74. Rxf5+ 1-0

[Event "GER-ch Youth U10 2020"]
[Site "Willingen"]
[Date "2020.10.27"]
[Round "1.16"]
[White "Aniol, Nico"]
[Black "Peglau, Paul David"]
[Result "1-0"]
[ECO "A13"]
[WhiteElo "1417"]
[BlackElo "1322"]
[Annotator "NA RC"]
[PlyCount "49"]
[EventDate "2020.10.27"]
[EventType "swiss"]
[EventRounds "7"]
[EventCountry "GER"]
[SourceTitle "playchess.com"]
[Source "ChessBase"]
[SourceQuality "1"]
[TimeControl "40/4500+30:900+30"]

1. c4 e6 2. e4 Nf6 3. Nc3 Bb4 4. e5 Bxc3 5. bxc3 Ne4 6. d3 Nc5 7. d4 Ne4 8. Bd3 d5 9. Qc2 f5 10. Ba3 Bd7 11. cxd5 exd5 12. Nf3 b6 13. c4 Be6 14. Rc1 c6 15. Nd2 Nd7 16. O-O Qg5 17. f4 Qd8 18. cxd5 cxd5 19. Bxe4 dxe4 20. Qc6 Bxa2 21. d5 Bxd5 22. Qxd5 Nf8 23. Bd6 Rc8 24. e6 Rxc1 25. Rxc1 1-0

[Event "GER-ch Youth U10 2020"]
[Site "Willingen"]
[Date "2020.10.27"]
[Round "1.17"]
[White "Deiringer, Julius"]
[Black "Kullmann, Theo"]
[Result "0-1"]
[ECO "C60"]
[WhiteElo "1332"]
[BlackElo "1632"]
[Annotator "NA RC"]
[PlyCount "66"]
[EventDate "2020.10.27"]
[EventType "swiss"]
[EventRounds "7"]
[EventCountry "GER"]
[SourceTitle "playchess.com"]
[Source "ChessBase"]
[SourceQuality "1"]
[TimeControl "40/4500+30:900+30"]

1. e4 e5 2. Nf3 Nc6 3. Bb5 g6 4. O-O Bg7 5. c3 Nge7 6. d4 exd4 7. cxd4 d5 8. e5 O-O 9. Nc3 Bg4 10. Be3 Nf5 11. h3 Bxf3 12. Qxf3 Ncxd4 13. Qxd5 Qxd5 14. Nxd5 Nxb5 15. Bc5 Rfd8 16. Rad1 Bxe5 17. g4 Bd4 18. gxf5 Rxd5 19. Be7 Rxf5 20. a4 Re8 21. axb5 Bxf2+ 22. Rxf2 Rxf2 23. Kxf2 Rxe7 24. Rd5 Kg7 25. Kf3 h6 26. h4 f6 27. b4 Kf7 28. Rc5 Ke6 29. h5 g5 30. Kg4 Rd7 31. Rc4 f5+ 32. Kg3 f4+ 33. Kg4 Rd3 0-1

[Event "GER-ch Youth U10 2020"]
[Site "Willingen"]
[Date "2020.10.27"]
[Round "1.18"]
[White "Zhang, Yibo"]
[Black "Wolff, Calvin"]
[Result "1-0"]
[ECO "C54"]
[WhiteElo "1299"]
[BlackElo "1219"]
[Annotator "NA RC"]
[PlyCount "83"]
[EventDate "2020.10.27"]
[EventType "swiss"]
[EventRounds "7"]
[EventCountry "GER"]
[SourceTitle "playchess.com"]
[Source "ChessBase"]
[SourceQuality "1"]
[TimeControl "40/4500+30:900+30"]

1. e4 e5 2. Nf3 Nc6 3. Bc4 Bc5 4. c3 Nf6 5. d3 d6 6. O-O Bg4 7. Re1 h6 8. Nbd2 O-O 9. Nf1 Be6 10. Bb5 Ng4 11. d4 exd4 12. cxd4 Bb4 13. Bd2 Bxd2 14. Qxd2 Bd7 15. h3 Nf6 16. Bc4 a6 17. a4 b6 18. Rac1 Na5 19. b3 b5 20. Qxa5 bxc4 21. Rxc4 Be6 22. d5 Bd7 23. Qxc7 Qxc7 24. Rxc7 Rfc8 25. Rxc8+ Rxc8 26. N1d2 Nh5 27. e5 dxe5 28. Nxe5 Rc2 29. Ndc4 Bc8 30. d6 Nf6 31. Rd1 Bd7 32. Nb6 Be6 33. d7 Nxd7 34. Nexd7 Bxb3 35. Rd3 Be6 36. Rd4 Rb2 37. a5 Rb5 38. Ra4 Rg5 39. Kh2 Bb3 40. Ra3 Be6 41. Nb8 Rf5 42. Kg1 1-0

[Event "GER-ch Youth U10 2020"]
[Site "Willingen"]
[Date "2020.10.27"]
[Round "1.19"]
[White "Aweh, Mads"]
[Black "Braun, Julian"]
[Result "0-1"]
[ECO "C54"]
[WhiteElo "1328"]
[BlackElo "1441"]
[Annotator "NA RC"]
[PlyCount "108"]
[EventDate "2020.10.27"]
[EventType "swiss"]
[EventRounds "7"]
[EventCountry "GER"]
[SourceTitle "playchess.com"]
[Source "ChessBase"]
[SourceQuality "1"]
[TimeControl "40/4500+30:900+30"]

1. e4 e5 2. Nf3 Nc6 3. Bc4 Bc5 4. c3 Nf6 5. d4 exd4 6. cxd4 Bb4+ 7. Bd2 Bxd2+ 8. Nbxd2 d5 9. exd5 Nxd5 10. Qb3 Na5 11. Qa4+ c6 12. Bd3 O-O 13. O-O Be6 14. Qc2 h6 15. a3 c5 16. dxc5 Nf4 17. Bf5 Ne2+ 18. Kh1 Bxf5 19. Qxf5 Nd4 20. Qg4 Nxf3 21. Nxf3 Nb3 22. Rad1 Qc7 23. Qb4 Nxc5 24. Rc1 b6 25. Nd4 Qe5 26. Nf3 Qf6 27. Qd4 Qxd4 28. Nxd4 Rad8 29. Nc6 Rd2 30. b4 Nd3 31. Rc3 Nxf2+ 32. Kg1 Ne4 33. Re3 Nd6 34. Nxa7 Ra8 35. Re7 Kf8 36. Rfe1 Rd1 37. Rxd1 Kxe7 38. Nc6+ Kd7 39. Ne5+ Kc7 40. Rc1+ Kb7 41. Rc3 f6 42. Rd3 fxe5 43. Rxd6 Rxa3 44. Rd7+ Kc6 45. Rxg7 Kb5 46. Re7 Kxb4 47. Rxe5 Rc3 48. Kf2 b5 49. Rh5 Rc6 50. Rh3 Ka4 51. g4 b4 52. Ke1 b3 53. Rxb3 Kxb3 54. Kf2 Rc3 0-1

[Event "GER-ch Youth U10 2020"]
[Site "Willingen"]
[Date "2020.10.27"]
[Round "1.20"]
[White "Kullmann, Max"]
[Black "Mohammadzadeh, Daris"]
[Result "1-0"]
[ECO "D10"]
[WhiteElo "1375"]
[BlackElo "1311"]
[Annotator "NA RC"]
[PlyCount "79"]
[EventDate "2020.10.27"]
[EventType "swiss"]
[EventRounds "7"]
[EventCountry "GER"]
[SourceTitle "playchess.com"]
[Source "ChessBase"]
[SourceQuality "1"]
[TimeControl "40/4500+30:900+30"]

1. d4 d5 2. c4 c6 3. Bf4 dxc4 4. e3 b5 5. a4 Qb6 6. Nc3 e6 7. d5 exd5 8. axb5 Bb4 9. bxc6 Qxc6 10. Qd4 Qf6 11. Be5 Qg5 12. Nf3 Nc6 13. Nxg5 Nxd4 14. Bxd4 f6 15. Nh3 Ne7 16. Rxa7 Rxa7 17. Bxa7 Nc6 18. Bd4 Nxd4 19. exd4 O-O 20. Nf4 Re8+ 21. Be2 Bb7 22. f3 Re3 23. Kf2 Re8 24. Nfxd5 Bxd5 25. Nxd5 Ba5 26. Bxc4 Rb8 27. b4 Bb6 28. Nxb6+ Kh8 29. Ra1 g5 30. Ra8 Rxa8 31. Nxa8 Kg7 32. b5 h6 33. b6 Kg6 34. b7 g4 35. fxg4 Kg5 36. b8=Q Kh4 37. g3+ Kh3 38. Qf4 f5 39. gxf5 h5 40. Qh4# 1-0